[Event "Early-Titled-Tuesday-Blitz-January-30-2024"]
[Site "Chess.com"]
[Date "2024.01.30"]
[Round "7"]
[White "chess123456s"]
[Black "jjlai1111"]
[Result "0-1"]
[WhiteElo "2553"]
[BlackElo "2345"]
[TimeControl "180+1"]
[EndTime "9:18:23 PST"]
[Termination "jjlai1111 won by resignation"]

1. d4 d5 2. Nc3 Nf6 3. Bf4 a6 4. e3 b6 5. Bd3 Bb7 6. Nf3 Nbd7 7.
Ne5 e6 8. Bg5 Be7 9. f4 h6 10.
Bh4 c5 11. Qf3 c4 12. Bxc4 Ne4 13. Bxe7 Qxe7 14. Nxe4 dxe4 15. Qg4 Nxe5 16. fxe5 Qb4+ 17.
c3 Qxc4 18. Qxg7 O-O-O 19. O-O-O Rhg8 20. Qxf7 Rxg2 21. Rhg1 Rxg1 22. Rxg1 Rd7 23. Qf8+ Kc7 24. Qxh6 Qd3 25. Rg7 Bd5 26. Rxd7+ Kxd7 27. Qg7+ Kc6 28.
Qg2 Qxe3+ 29. Qd2 Qg1+ 30. Kc2 e3 31. Qe2 Qf2 32. Kd3 Bc4+ 33. Kxc4 Qxe2+ 0-1

[Event "Early-Titled-Tuesday-Blitz-January-30-2024"]
[Site "Chess.com"]
[Date "2024.01.30"]
[Round "7"]
[White "djano"]
[Black "Preobrazhenska_D2011"]
[Result "0-1"]
[WhiteElo "2659"]
[BlackElo "2389"]
[TimeControl "180+1"]
[EndTime "9:18:24 PST"]
[Termination "Preobrazhenska_D2011 won by resignation"]

1. c4 e5 2. Nc3 Nf6 3. e3 d5 4. cxd5 Nxd5 5. Bc4 Nb6 6. Bb3 Be7 7. Qh5 O-O 8. Qxe5 Nc6 9. Qh5 Nb4 10. d4 Nd3+ 11. Kf1 c5 12. Nge2 c4 13. Bc2 g6 14.
Qf3 Be6 15. h4 h5 16. Nf4 Bg4 17. Qg3 Bd6 18. Ne4 Bxf4 19. exf4 Qxd4 20. f3 Bf5 21. Bd2 Bxe4 22. Bc3 Qe3 23. Rd1 Bf5 24. Rd2 Nd5 25. Re2 Qc1+ 26. Be1 N5xf4 27. Re7 Qxc2 28. Qg5 Nxe1 29.
Rxe1 Qd3+ 30. Kg1 Ne2+ 31. Kh2 Qd6+ 32. g3 f6 33. Rd1 Qxd1 34. Qe3 Qd6 35. Qxe2 Rfe8 36.
Qf2 Rad8 37. Rg1 Qd2 0-1

[Event "Early-Titled-Tuesday-Blitz-January-30-2024"]
[Site "Chess.com"]
[Date "2024.01.30"]
[Round "7"]
[White "ferrufino64"]
[Black "ljuks68"]
[Result "0-1"]
[WhiteElo "2241"]
[BlackElo "2429"]
[TimeControl "180+1"]
[EndTime "9:18:24 PST"]
[Termination "ljuks68 won by resignation"]

1. d4 d5 2. Nf3 Nf6 3. e3 c6 4. h3 Bf5 5. g4 Bg6 6. Ne5 Nfd7 7. Nxg6 hxg6 8. Bg2 e5 9. dxe5 Nxe5 10. Nd2 Bd6 11. Nf3 Nxf3+ 12. Qxf3 Nd7 13. Bd2 Ne5 14.
Qe2 Nc4 15. Bc3 Be5 16. Bxe5 Nxe5 17. O-O-O Qa5 18. Kb1 O-O-O 19. b3 Qb4 20. Rd4 Qb6 21.
Rhd1 Nc4 22. Ka1 Na3 23. Qd3 Nb5 24. Rf4 Rhf8 25. g5 Qc7 26. h4 Qe5+ 27. c3 Nxc3 28.
Rf1 Ne2+ 29. Kb1 Nxf4 30. exf4 Qxf4 31. Bh3+ Kb8 32. f3 Rfe8 33. Bg4 Re3 34. Qd2 Rxb3+ 0-1

[Event "Early-Titled-Tuesday-Blitz-January-30-2024"]
[Site "Chess.com"]
[Date "2024.01.30"]
[Round "7"]
[White "Sanyura"]
[Black "vladoboch"]
[Result "1-0"]
[WhiteElo "2639"]
[BlackElo "2475"]
[TimeControl "180+1"]
[EndTime "9:18:25 PST"]
[Termination "Sanyura won by resignation"]

1. e4 e5 2. Nf3 Nc6 3. Bb5 a6 4. Ba4 Nf6 5. O-O b5 6. Bb3 Bc5 7. c3 d6 8. d4 Bb6 9. a4 Rb8 10. axb5 axb5 11. Bg5 h6 12. Bh4 O-O 13. h3 g5 14.
Nxg5 hxg5 15. Bxg5 exd4 16. Qf3 Kg7 17. Qg3 Ne5 18.
f4 Nxe4 19. Bf6+ Kxf6 20. fxe5+ Ke7 21. Qh4+ Ke8 22. Qxe4 dxc3+ 23. Kh1 d5 24. Bxd5 cxb2 25. Bc6+ Bd7 26. e6 Bxc6 27. exf7+ Kd7 28. Qf5+ Kd6 29.
Rd1+ Bd5 30. Qxd5+ Ke7 31. Re1+ Kf6 32. Re6+ Kg7 33. Qe5+ Kxf7 34. Qf5+ 1-0

[Event "Early-Titled-Tuesday-Blitz-January-30-2024"]
[Site "Chess.com"]
[Date "2024.01.30"]
[Round "7"]
[White "kekic76"]
[Black "Let_it_be_1"]
[Result "0-1"]
[WhiteElo "2359"]
[BlackElo "2575"]
[TimeControl "180+1"]
[EndTime "9:18:25 PST"]
[Termination "Let_it_be_1 won on time"]

1. e4 e6 2. d4 d5 3. exd5 exd5 4. Bf4 Nf6 5. Nf3 c5 6. c3 Nc6 7. Bd3 Be7 8. O-O O-O 9. Nbd2 Bg4 10. Qc2 Rc8 11.
Bf5 Bxf5 12. Qxf5 cxd4 13. Nxd4 Nxd4 14. cxd4 Qd7 15. Qxd7 Nxd7 16. Rfe1 Bf6 17. Nb3 Rc2 18.
Rac1 Rxb2 19. Rc7 Nb6 20. Rxb7 Rxa2 21. Bd6 Rc8 22. Bc5 Rb2 23. Na5 h5 24. Rxa7 Na4 25.
Nb7 Nxc5 26. dxc5 Bd4 0-1

[Event "Early-Titled-Tuesday-Blitz-January-30-2024"]
[Site "Chess.com"]
[Date "2024.01.30"]
[Round "7"]
[White "Iana_Shirova"]
[Black "Arimin1329"]
[Result "1-0"]
[WhiteElo "2251"]
[BlackElo "2396"]
[TimeControl "180+1"]
[EndTime "9:18:25 PST"]
[Termination "Iana_Shirova won by resignation"]

1. e4 c6 2. d4 d5 3. Nc3 dxe4 4.
Nxe4 Bf5 5. Ng3 Bg6 6. h4 h6 7.
Nf3 Nf6 8. Ne5 Bh7 9. Bc4 e6 10. Qe2 Nbd7 11. Nxf7 Qa5+ 12. Bd2 Bb4 13. Qxe6+ Kf8 14.
Nxh8 Re8 15. Qxe8+ Nxe8 16. c3 Bd6 17. O-O Nb6 18.
Bb3 Nd5 19. Rae1 Nef6 20. Re2 b5 21. Rfe1 Kg8 22. c4 Qd8 23. cxd5 cxd5 24. Nh5 Ne4 25.
Bxd5+ Kxh8 26. Bxe4 Qxh4 27. Ng3 Bg8 28. Bg6 Qxd4 29. Bc3 Qc5 30. Re8 Bxg3 31. Rxg8+ Kxg8 32. Re8+ 1-0

[Event "Early-Titled-Tuesday-Blitz-January-30-2024"]
[Site "Chess.com"]
[Date "2024.01.30"]
[Round "7"]
[White "gm_rashid"]
[Black "cthulhuuu"]
[Result "0-1"]
[WhiteElo "2512"]
[BlackElo "2363"]
[TimeControl "180+1"]
[EndTime "9:18:26 PST"]
[Termination "cthulhuuu won by resignation"]

1. e4 d6 2. d4 Nf6 3. Nc3 c6 4. Nf3 Bg4 5. Be2 e6 6. O-O d5 7. e5 Nfd7 8. Ne1 Bxe2 9. Nxe2 c5 10. c3 Nc6 11. f4 Qb6 12. Nf3 cxd4 13. cxd4 Rc8 14.
Kh1 g6 15. b3 Be7 16. h3 O-O 17. f5 gxf5 18. Bh6 Rfe8 19. Ng5 Bf8 20. Bxf8 Nxf8 21. Nf4 Qxd4 22. Qh5 Nxe5 23. Rad1 Qb2 24. Rfe1 Neg6 25. Nxg6 hxg6 26. Qf3 Qf6 27. h4 Nh7 28. Qg3 Rc3 29. Nxh7 Kxh7 30. Qh2 Kg7 31. Qf4 Rh8 0-1

[Event "Early-Titled-Tuesday-Blitz-January-30-2024"]
[Site "Chess.com"]
[Date "2024.01.30"]
[Round "7"]
[White "verrbaa"]
[Black "Akylbek2021"]
[Result "1-0"]
[WhiteElo "2460"]
[BlackElo "2271"]
[TimeControl "180+1"]
[EndTime "9:18:27 PST"]
[Termination "verrbaa won by resignation"]

1. e4 Nc6 2. Nf3 e5 3. Bb5 a6 4. Ba4 Nf6 5. O-O Be7 6. Re1 b5 7. Bb3 O-O 8. d4 d6 9. c3 Bg4 10. Be3 h6 11. h3 Bh5 12. Nbd2 Re8 13. d5 Na5 14. Bc2 Rb8 15. b4 Nb7 16. a4 Nd7 17.
axb5 axb5 18. Qe2 Bg5 19. Bxg5 hxg5 20. Qxb5 Nf8 21. Qc6 Ng6 22. Ra7 Qc8 23. Nxg5 Nf4 24. Kh2 f6 25. Ne6 Nxe6 26. dxe6 Nd8 27. Qxc7 Nxe6 28. Bb3 Bf7 29. Qxf7+ Kh8 30. Bxe6 1-0

[Event "Early-Titled-Tuesday-Blitz-January-30-2024"]
[Site "Chess.com"]
[Date "2024.01.30"]
[Round "7"]
[White "yobdc"]
[Black "Szparu"]
[Result "0-1"]
[WhiteElo "2565"]
[BlackElo "2768"]
[TimeControl "180+1"]
[EndTime "9:18:28 PST"]
[Termination "Szparu won by resignation"]

1. d4 d5 2. c4 e6 3. Nc3 c6 4.
cxd5 exd5 5. Nf3 Bd6 6. Qc2 Ne7 7. Bg5 h6 8. Bxe7 Qxe7 9. g3 Nd7 10. Bg2 Nf6 11. O-O O-O 12. e3 Re8 13. Ne2 g6 14. Nf4 Bf5 15. Qb3 Rab8 16. Rfe1 Ne4 17. Rac1 Kh7 18. Nd3 f6 19. Re2 g5 20. Rce1 h5 21. h4 Bg4 22. hxg5 fxg5 23. Rc2 h4 24. Nfe5 Be6 25. g4 Rf8 26. f4 Bxe5 27. dxe5 Bxg4 28.
Qa4 Bf5 29. fxg5 Qxg5 30. Nf4 h3 31. Ree2 Qg3 32. e6 hxg2 33. Rxg2 Qxe3+ 34. Kh1 Qe1+ 35. Kh2 Rf6 36. Nh3 Rh6 37. Qa3 Rxh3+ 38. Qxh3+ Bxh3 39. Kxh3 Rf8 40. Rcd2 0-1

[Event "Early-Titled-Tuesday-Blitz-January-30-2024"]
[Site "Chess.com"]
[Date "2024.01.30"]
[Round "7"]
[White "HATilay"]
[Black "levallem"]
[Result "0-1"]
[WhiteElo "2518"]
[BlackElo "2367"]
[TimeControl "180+1"]
[EndTime "9:18:28 PST"]
[Termination "levallem won by resignation"]

1. Nf3 d5 2. g3 Nf6 3. Bg2 e6 4. O-O Be7 5. b3 O-O 6. Bb2 c5 7. d3 Nc6 8. Nbd2 b6 9. Re1 Bb7 10. e4 dxe4 11. dxe4 Qc7 12. e5 Nd5 13. Ne4 Rad8 14.
Qe2 h6 15. h4 Rfe8 16. Nh2 Bf8 17. Ng4 Nd4 18. Nxh6+ gxh6 19. Qg4+ Kh8 20. c4 Ne7 21. Qf4 Ng6 22. Qg4 Qxe5 23. Ng5 Qc7 24. Bxb7 Qxb7 25. h5 hxg5 26. hxg6 f6 27. Qh5+ Kg8 28. Re4 Bg7 29.
Qh7+ Kf8 30. Rxd4 Rxd4 31. Bxd4 cxd4 32. Re1 e5 33. f4 gxf4 34. gxf4 Qf3 35. fxe5 Rxe5 36.
Rxe5 fxe5 37. Qh4 Qe3+ 38. Kh1 Qf3+ 39. Kg1 Qf6 40. Qg4 Bh6 41. Qc8+ Kg7 42. Qd7+ Kxg6 43. Qg4+ Qg5 0-1

[Event "Early-Titled-Tuesday-Blitz-January-30-2024"]
[Site "Chess.com"]
[Date "2024.01.30"]
[Round "7"]
[White "kamilianin235"]
[Black "rikchessmx"]
[Result "0-1"]
[WhiteElo "2480"]
[BlackElo "2339"]
[TimeControl "180+1"]
[EndTime "9:18:28 PST"]
[Termination "rikchessmx won on time"]

1. e4 c5 2. Nf3 e6 3. d4 cxd4 4. Nxd4 a6 5. c4 Qc7 6. Nc3 Nf6 7.
Bd3 h5 8. Qe2 Nc6 9. Nxc6 dxc6 10. e5 Ng4 11. Bf4 Bc5 12. Ne4 Ba7 13. c5 Bxc5 14.
Nxc5 Qa5+ 15. Bd2 Qxc5 16. f4 Qd4 17. h3 Nh6 18. Be3 Qb4+ 19. Kf2 Nf5 20. a3 Qe7 21. Bxf5 exf5 22. b4 Be6 23. Bc5 Qd8 24. Rad1 Bd5 25. Rd3 g5 26. Rhd1 gxf4 27. e6 Qh4+ 28. Kf1 O-O-O 29.
e7 Rdg8 30. Rxd5 cxd5 31. Rxd5 Qg3 32. Bd6 Qe3 33. Qxe3 fxe3 34. Be5 Rh6 35. Rc5+ Kd7 36.
Rc6 bxc6 0-1

[Event "Early-Titled-Tuesday-Blitz-January-30-2024"]
[Site "Chess.com"]
[Date "2024.01.30"]
[Round "7"]
[White "artooon"]
[Black "GMWSO"]
[Result "1-0"]
[WhiteElo "3017"]
[BlackElo "3137"]
[TimeControl "180+1"]
[EndTime "9:18:29 PST"]
[Termination "artooon won by resignation"]

1. e4 c5 2. Nf3 d6 3. d4 cxd4 4.
Nxd4 Nf6 5. Nc3 a6 6. Bd3 g6 7.
O-O Bg7 8. Kh1 b5 9. a3 Bb7 10. f4 O-O 11. Qe1 Nbd7 12. f5 Rc8 13. Qh4 Rxc3 14.
bxc3 Nc5 15. Bh6 Ncxe4 16. Rae1 Bxh6 17. Qxh6 Ng4 18. Qh4 Ngf2+ 19. Rxf2 g5 20. Qh6 Nxf2+ 21. Kg1 Nxd3 22. Re3 Nf4 23. f6 exf6 24. Nf5 Nh5 25. g4 Bc8 26. Ne7+ Qxe7 27. Rxe7 Bxg4 28. h3 Bf3 29.
Kf2 Ng7 30. Kxf3 Nf5 31. Qxf6 Nxe7 32. Qxe7 Rc8 33. Qxg5+ Kf8 34. Qf6 Ke8 35. Ke3 Rc4 36. Kd3 1-0

[Event "Early-Titled-Tuesday-Blitz-January-30-2024"]
[Site "Chess.com"]
[Date "2024.01.30"]
[Round "7"]
[White "tuschessCM1"]
[Black "ACollins05"]
[Result "0-1"]
[WhiteElo "2669"]
[BlackElo "2495"]
[TimeControl "180+1"]
[EndTime "9:18:29 PST"]
[Termination "ACollins05 won by resignation"]

1. c4 e6 2. g3 d5 3. Bg2 Nf6 4. Nf3 dxc4 5. Qa4+ Nbd7 6. Qxc4 c5 7. O-O b6 8. Nc3 Bb7 9. d3 Be7 10. a4 a6 11. Rd1 O-O 12. Qb3 Nd5 13. e4 Nb4 14. d4 Qc8 15. dxc5 Bxc5 16. Bf4 a5 17. Nb5 Bxe4 18. Nd6 Bxd6 19. Bxd6 Bc2 20. Qe3 Bxd1 21.
Rxd1 Nd5 22. Qd3 Nc5 23. Qc2 Rd8 24. Ng5 g6 25. Be5 Nd7 26. Bc3 Nxc3 27. bxc3 Rb8 28. Ne4 Nc5 29. Nd6 Qc7 30. Nb5 Rxd1+ 31. Qxd1 Qe7 32. h4 Rd8 33. Qe2 Nxa4 34. h5 Qc5 35.
hxg6 hxg6 36. Nd4 Nxc3 0-1

[Event "Early-Titled-Tuesday-Blitz-January-30-2024"]
[Site "Chess.com"]
[Date "2024.01.30"]
[Round "7"]
[White "AttilaTurzo"]
[Black "cristiano78"]
[Result "0-1"]
[WhiteElo "2488"]
[BlackElo "2291"]
[TimeControl "180+1"]
[EndTime "9:18:29 PST"]
[Termination "cristiano78 won by checkmate"]

1. e4 c5 2. Nf3 d6 3. d4 cxd4 4. Nxd4 Nf6 5. Nc3 g6 6. Be3 Bg7 7.
f3 O-O 8. Bc4 Nc6 9. Qd2 Bd7 10.
O-O-O Rc8 11. Bb3 Ne5 12. Bg5 Nc4 13. Bxc4 Rxc4 14. e5 dxe5 15. Nb3 Rxc3 16. Qxc3 Qc8 17. Qxc8 Bxc8 18. Rhe1 h6 19. Be3 Bf5 20. c3 b6 21.
Nd2 e6 22. Nc4 h5 23. Nxe5 Nd5 24. Bd2 Rc8 25. a3 h4 26. g4 hxg3 27. hxg3 Bxe5 28. Rxe5 f6 29. Ree1 e5 30. Be3 Ne7 31. Rd6 Kf7 32. Red1 g5 33. Rd8 Rc7 34. g4 Be6 35. Rh8 Kg7 36.
Rdh1 Bg8 37. R8h6 Nd5 38. Bd2 b5 39. Kd1 a5 40. Ke2 b4 41. axb4 axb4 42. cxb4 Rc2 43. R6h2 Rxb2 44. Kd3 Nxb4+ 45. Kc3 Rb3# 0-1

[Event "Early-Titled-Tuesday-Blitz-January-30-2024"]
[Site "Chess.com"]
[Date "2024.01.30"]
[Round "7"]
[White "ChessSwole"]
[Black "Talent-OF-Slovenia"]
[Result "0-1"]
[WhiteElo "2610"]
[BlackElo "2484"]
[TimeControl "180+1"]
[EndTime "9:18:32 PST"]
[Termination "Talent-OF-Slovenia won by resignation"]

1. e4 c5 2. Nf3 e6 3. c3 d5 4. exd5 Qxd5 5. d4 Nc6 6. Na3 Nf6 7. Nb5 Qd7 8. Qa4 cxd4 9. Nbxd4 Nxd4 10. Qxd4 Qxd4 11.
Nxd4 Bd7 12. Be2 Be7 13. Bf3 e5 14. Nb3 Rb8 15. Be3 b6 16. O-O-O O-O 17. h3 Be6 18. g4 Rfd8 19. Kc2 Nd5 20. Bc1 a5 21. a4 Nb4+ 22.
cxb4 Rdc8+ 23. Kb1 Bxb3 24. Rd7 Bxb4 25. Bd1 Be6 26. Rd3 f6 27. Bf3 Bc4 28. Rd7 Bb3 29.
Bd1 Bf7 30. Bc2 Be6 31. Ra7 Ra8 32. Rb7 Bd5 33. Rxb6 Bxh1 34. Rb5 Bc6 35. Rb6 Bc5 36. Rb3 Bxa4 0-1

[Event "Early-Titled-Tuesday-Blitz-January-30-2024"]
[Site "Chess.com"]
[Date "2024.01.30"]
[Round "7"]
[White "agvega14"]
[Black "RCone"]
[Result "0-1"]
[WhiteElo "2149"]
[BlackElo "2392"]
[TimeControl "180+1"]
[EndTime "9:18:32 PST"]
[Termination "RCone won by resignation"]

1. e4 d6 2. d4 Nf6 3. Nc3 g6 4. Bg5 Bg7 5. Qd2 c6 6. O-O-O b5 7. f3 b4 8. Nce2 a5 9. Kb1 Qb6 10. Nc1 a4 11. Be3 O-O 12. h4 h5 13. Bh6 Nbd7 14. Bxg7 Kxg7 15. g4 e5 16. g5 Ne8 17.
Nge2 Nc7 18. f4 Nb5 19. f5 exd4 20. f6+ Kg8 21. Re1 Ne5 22. Qf4 b3 23. cxb3 axb3 24.
Nxb3 Be6 25. Nec1 c5 26. Bxb5 Qxb5 27. Qf1 d3 28. Rd1 c4 29. Nd2 Rfb8 30. b3 c3 31.
Nxd3 Nxd3 32. Nf3 Bxb3 0-1

[Event "Early-Titled-Tuesday-Blitz-January-30-2024"]
[Site "Chess.com"]
[Date "2024.01.30"]
[Round "7"]
[White "DeArron_Fox"]
[Black "Manukyan_Artak"]
[Result "0-1"]
[WhiteElo "2462"]
[BlackElo "2616"]
[TimeControl "180+1"]
[EndTime "9:18:33 PST"]
[Termination "Manukyan_Artak won by resignation"]

1. d4 Nf6 2. c4 e6 3. Nf3 c5 4. d5 exd5 5. cxd5 d6 6. Nc3 g6 7.
Nd2 Bg7 8. e4 O-O 9. Be2 Na6 10.
O-O Nc7 11. a4 Re8 12. Re1 Bh6 13. h3 a6 14. a5 Bxd2 15. Bxd2 Nxe4 16. Nxe4 Rxe4 17.
Bc3 Qg5 18. Bf3 Rxe1+ 19. Qxe1 Bf5 20. b4 Re8 21. Qf1 Nb5 22. Bb2 Nd4 23. Bxd4 cxd4 24. Re1 Rxe1 25. Qxe1 d3 26. g4 d2 27. Qd1 h5 28. Kh2 Qf4+ 29. Kg2 hxg4 30. hxg4 Be4 31. Bxe4 Qxe4+ 32. Kg3 Qxd5 33. f3 f6 34. Kf2 Qd3 35.
f4 Qd4+ 36. Ke2 Qxf4 37. Qc2 Qxg4+ 38. Kxd2 Qg2+ 0-1

[Event "Early-Titled-Tuesday-Blitz-January-30-2024"]
[Site "Chess.com"]
[Date "2024.01.30"]
[Round "7"]
[White "CristianS27"]
[Black "Mops_2004"]
[Result "0-1"]
[WhiteElo "2561"]
[BlackElo "2763"]
[TimeControl "180+1"]
[EndTime "9:18:34 PST"]
[Termination "Mops_2004 won by resignation"]

1. e4 g6 2. d4 Bg7 3. Nc3 d6 4. Nf3 a6 5. h3 b5 6. Bd3 Nd7 7. Ne2 c5 8. c3 Bb7 9. Be3 Ngf6 10. Ng3 O-O 11. O-O Qc7 12. Qd2 Rac8 13. Bh6 Rfe8 14.
Rfe1 Bxh6 15. Qxh6 cxd4 16. cxd4 e5 17. Rac1 Qb6 18. d5 b4 19. Nh4 Rxc1 20. Rxc1 Kh8 21. Re1 Ng8 22. Qd2 Rc8 23. Kh2 a5 24. f4 exf4 25. Qxf4 Ne5 26. Bb1 Qd4 27. Nf3 Qxb2 28. Nxe5 Qxe5 29. Qxf7 Rc3 30. Qf2 h5 31. h4 Nf6 32.
Kh3 Bc8+ 0-1

[Event "Early-Titled-Tuesday-Blitz-January-30-2024"]
[Site "Chess.com"]
[Date "2024.01.30"]
[Round "7"]
[White "VomDingJetztHer"]
[Black "GothamChess"]
[Result "1-0"]
[WhiteElo "2492"]
[BlackElo "2741"]
[TimeControl "180+1"]
[EndTime "9:18:34 PST"]
[Termination "VomDingJetztHer won by resignation"]

1. e4 e6 2. d4 d5 3. exd5 exd5 4. Nf3 Nc6 5. c3 Bd6 6. Bd3 Nge7 7. O-O Bg4 8. Nbd2 Qd7 9. Re1 O-O-O 10. a4 f6 11.
b4 Rde8 12. a5 Ng6 13. b5 Nd8 14. Rxe8 Rxe8 15. b6 a6 16. c4 Nf4 17. Bf1 c6 18.
Ba3 Nf7 19. g3 Nh3+ 20. Bxh3 Bxh3 21. cxd5 cxd5 22. Rc1+ Kb8 23. Bxd6+ Nxd6 24. Rc7 Qb5 25. Nb3 Rc8 26. Rxc8+ Nxc8 27. Nfd2 g6 28. Qf3 Qc6 29. g4 1-0

[Event "Early-Titled-Tuesday-Blitz-January-30-2024"]
[Site "Chess.com"]
[Date "2024.01.30"]
[Round "7"]
[White "maximnovik"]
[Black "sofaceindisguise"]
[Result "1-0"]
[WhiteElo "2616"]
[BlackElo "2770"]
[TimeControl "180+1"]
[EndTime "9:18:35 PST"]
[Termination "maximnovik won by resignation"]

1. e4 c5 2. Nf3 e6 3. c3 Nf6 4. e5 Nd5 5. d4 cxd4 6. cxd4 b6 7. Nc3 Bb7 8. Bd3 Be7 9. O-O Na6 10. Re1 Nac7 11.
Ne4 f5 12. Nd6+ Bxd6 13. exd6 Na6 14. Bxf5 O-O 15. Be4 Qb8 16. Ng5 h6 17. Nh7 Rf7 18.
Qg4 Nf6 19. Nxf6+ Rxf6 20. Bf4 Bxe4 21. Rxe4 Qb7 22. Be5 Rf7 23. Qg6 Qc8 24. Rh4 Qf8 25. Rxh6 Rf5 26. Rh7 Rxe5 27. dxe5 Qf7 28. Qxf7+ Kxf7 29. Rc1 Nc5 30. b4 Nd3 31. Rc7 Nxe5 32. f4 Kg6 33.
Rh4 Nf7 34. Rxd7 a5 35. b5 Rc8 36. Rc7 Rd8 37. d7 Nd6 38. a4 Nf5 39. Rh3 Ne7 40. Rd3 Nd5 41. Rb7 Kf6 42. g3 Ke7 43. Kg2 Kd6 44. Kf3 Kc5 45. Re3 Kd6 46. Re5 g6 47. Rg5 Nc3 48. Rxb6+ Kc7 49. Ra6 Nxa4 50. Rxg6 Nc5 51.
Rc6+ 1-0

[Event "Early-Titled-Tuesday-Blitz-January-30-2024"]
[Site "Chess.com"]
[Date "2024.01.30"]
[Round "7"]
[White "UK_23"]
[Black "Yushko_Olga"]
[Result "1-0"]
[WhiteElo "2401"]
[BlackElo "2167"]
[TimeControl "180+1"]
[EndTime "9:18:37 PST"]
[Termination "UK_23 won by resignation"]

1. e4 g6 2. d4 Bg7 3. c3 d6 4.
Nf3 Nf6 5. Bd3 c6 6. O-O Qc7 7. Re1 e5 8. dxe5 dxe5 9. Bg5 Nbd7 10. Nbd2 O-O 11. Qc2 Nc5 12. Bf1 Ne6 13. Bxf6 Bxf6 14. a4 Bd7 15. Nc4 Rad8 16. Rad1 Bc8 17. Ne3 Bg7 18. b4 a5 19. Bc4 axb4 20. cxb4 Nd4 21.
Qa2 Nxf3+ 22. gxf3 Bh3 23. a5 Qe7 24. Qb3 Bh6 25. Bf1 Be6 26. Bc4 Bh3 27. Bf1 Be6 28. Qc3 Qg5+ 29. Kh1 Qh5 30. Ng2 Bh3 31. b5 cxb5 32.
Rd5 f6 33. Red1 Rc8 34. Qb3 Be6 35. Bxb5 Bxd5 36. exd5 Rc5 37. d6+ Kh8 38. d7 Rd8 39. Qe6 g5 40. Qxf6+ Kg8 41. Qxd8+ Kg7 42. Qe7+ Kg6 43. Bd3+ e4 44. Bxe4+ Rf5 45. Bxf5+ Kxf5 46. Qe4+ 1-0

[Event "Early-Titled-Tuesday-Blitz-January-30-2024"]
[Site "Chess.com"]
[Date "2024.01.30"]
[Round "7"]
[White "PedroGil25"]
[Black "bazar-wokzal"]
[Result "0-1"]
[WhiteElo "2421"]
[BlackElo "2602"]
[TimeControl "180+1"]
[EndTime "9:18:38 PST"]
[Termination "bazar-wokzal won by resignation"]

1. e4 Nc6 2. d4 d5 3. e5 h5 4. Nf3 Bg4 5. Bb5 e6 6. h3 Bxf3 7. Qxf3 a6 8. Bxc6+ bxc6 9. Nd2 c5 10. dxc5 Bxc5 11. Nb3 Bb6 12. Qg3 Kf8 13. Be3 h4 14. Qf3 Bxe3 15. Qxe3 Ne7 16. O-O-O a5 17. Qc5 a4 18. Nd4 Kg8 19. a3 Rh5 20. f4 Nf5 21. Rhf1 Qd7 22. Rf3 Rb8 23. Rc3 Rb7 24. Kb1 Ng3 25. Qc6 Qxc6 26. Rxc6 g5 27. f5 exf5 28. e6 fxe6 29. Rxe6 c5 30. Nc6 d4 31. Rde1 g4 32.
hxg4 fxg4 33. Rg6+ Rg7 34. Ne7+ Kh7 35. Rxg7+ Kxg7 36. Nc6 h3 37. gxh3 gxh3 38. Rg1 h2 39. Rxg3+ Kf6 40.
Rf3+ Ke6 41. Rf1 h1=Q 42. Rxh1 Rxh1+ 43. Ka2 Rh7 44. b3 Kd5 45. Na5 axb3+ 46. Kxb3 c4+ 47. Kb2 Ra7 0-1

[Event "Early-Titled-Tuesday-Blitz-January-30-2024"]
[Site "Chess.com"]
[Date "2024.01.30"]
[Round "7"]
[White "Lion-Al-Messi"]
[Black "GrotBchess"]
[Result "1-0"]
[WhiteElo "2563"]
[BlackElo "2318"]
[TimeControl "180+1"]
[EndTime "9:18:38 PST"]
[Termination "Lion-Al-Messi won on time"]

1. e4 c5 2. Nf3 e6 3. d4 cxd4 4. Nxd4 Nc6 5. Nc3 Qc7 6. Be3 a6 7. Qd2 b5 8. O-O-O Bb7 9. f3 Nf6 10. g4 d6 11. g5 Nd7 12. Bh3 Nxd4 13. Qxd4 Rc8 14. Kb1 Ne5 15. f4 Nc4 16. Bc1 b4 17. Nd5 Na3+ 18. bxa3 Qxc2+ 19. Ka1 Rc4 20. Qb6 Bxd5 21. exd5 bxa3 22. Qb3 Qxb3 23. axb3 Rc3 24. Bf1 Rxb3 25. Bxa6 g6 26. dxe6 fxe6 27. Bc4 Rf3 28. Bxe6 Ke7 29. Rhe1 Bg7+ 30. Ka2 Rf2+ 31. Rd2 Rxd2+ 32. Bxd2 Rb8 33. Bd5+ Kd7 34. Be6+ Ke7 35. Bb3+ Kd7 36. Ba4+ Kc7 37. Re7+ Kb6 38. Rxg7 Kc5 39. Be3+ Kc4 40. Rc7+ Kd3 41. Bc1 Rf8 42. Bc2+ Ke2 43. Re7+ Kf3 44. Be4+ Kg4 45. Bd5 h5 46. Re3 Kh4 47.
Rg3 Rxf4 48. Be6 Rf2+ 49. Kxa3 Rxh2 50. Rd3 Rh1 51. Bd2 1-0

[Event "Early-Titled-Tuesday-Blitz-January-30-2024"]
[Site "Chess.com"]
[Date "2024.01.30"]
[Round "7"]
[White "Alimpic"]
[Black "FLYD"]
[Result "1-0"]
[WhiteElo "2513"]
[BlackElo "2050"]
[TimeControl "180+1"]
[EndTime "9:18:38 PST"]
[Termination "Alimpic won by resignation"]

1. d4 d5 2. c4 e6 3. Nc3 Nf6 4.
Bg5 dxc4 5. e3 Be7 6. Bxc4 a6 7. Nf3 b5 8. Bb3 O-O 9. O-O Bb7 10. Qe2 Nbd7 11.
Rfd1 Nb6 12. a3 Nfd5 13. Bxe7 Qxe7 14. e4 Nxc3 15. bxc3 c5 16. a4 c4 17. Bc2 Nd7 18. h4 e5 19. d5 Qd6 20. Rab1 Qc5 21. h5 Rfe8 22. h6 g6 23. Ng5 f6 24. Ne6 Qd6 25.
axb5 axb5 26. Rxb5 Ba6 27. Ra5 Qb6 28. Rda1 Bb7 29.
Rxa8 Rxa8 30. Rxa8+ Bxa8 31. Qxc4 Kf7 32. Qc8 1-0

[Event "Early-Titled-Tuesday-Blitz-January-30-2024"]
[Site "Chess.com"]
[Date "2024.01.30"]
[Round "7"]
[White "Sattarov_Bobur"]
[Black "Lady_Nika"]
[Result "0-1"]
[WhiteElo "2764"]
[BlackElo "2590"]
[TimeControl "180+1"]
[EndTime "9:18:39 PST"]
[Termination "Lady_Nika won by resignation"]

1. e4 e6 2. d4 d5 3. e5 c5 4. c3 Nc6 5. Nf3 Qb6 6. Bd3 Bd7 7.
O-O Rc8 8. Re1 cxd4 9. a3 dxc3 10. Nxc3 Nge7 11. b4 Ng6 12. Bb2 Nf4 13. Bf1 Be7 14. g3 Ng6 15. h4 f6 16. exf6 gxf6 17. Nxd5 exd5 18. Qxd5 Rf8 19. Bb5 Rd8 20. Qh5 Ne5 21.
Be2 Bg4 22. Qxh7 Bxf3 23. Bf1 Rd2 24. Re3 Rxb2 25. Rae1 Be4 26. Be2 Bf5 27. Bh5 Kd8 28. Rc3 Qxf2+ 0-1

[Event "Early-Titled-Tuesday-Blitz-January-30-2024"]
[Site "Chess.com"]
[Date "2024.01.30"]
[Round "7"]
[White "CaspiIsrael"]
[Black "AlexLongson"]
[Result "1-0"]
[WhiteElo "2760"]
[BlackElo "2471"]
[TimeControl "180+1"]
[EndTime "9:18:39 PST"]
[Termination "CaspiIsrael won on time"]

1. e4 e5 2. Nf3 Nc6 3. Bb5 a6 4. Ba4 Nf6 5. O-O Be7 6. d3 b5 7. Bb3 O-O 8. a4 Rb8 9. axb5 axb5 10. Nc3 d6 11. h3 h6 12. Be3 Nb4 13. Ne2 c5 14. c3 Nxd3 15. Bxf7+ Rxf7 16. Qxd3 Bb7 17. Ng3 c4 18. Qc2 Ra8 19. Rfe1 Qd7 20. Rxa8+ Bxa8 21. Ra1 Rf8 22. Ra7 Bb7 23. Nf5 Ra8 24. Rxa8+ Bxa8 25. Nd2 Bf8 26. f3 d5 27. g4 b4 28. cxb4 Bxb4 29. exd5 Bxd2 30. Qxd2 Bxd5 31. Kf2 Kh7 32.
Bxh6 Bxf3 33. Qxd7 Nxd7 34. Bxg7 Be4 35. Nd6 Bd3 36.
Ne8 Kg6 37. h4 e4 38. Bc3 Kf7 39. Nd6+ Ke6 40. Nf5 Ne5 41. Bxe5 Kxe5 42. Ke3 1-0

[Event "Early-Titled-Tuesday-Blitz-January-30-2024"]
[Site "Chess.com"]
[Date "2024.01.30"]
[Round "7"]
[White "xakevicius91"]
[Black "ValentinDragnev"]
[Result "1-0"]
[WhiteElo "2589"]
[BlackElo "2764"]
[TimeControl "180+1"]
[EndTime "9:18:39 PST"]
[Termination "xakevicius91 won by resignation"]

1. e4 c5 2. Nf3 e6 3. b3 b6 4. d4 cxd4 5. Nxd4 Bb7 6. Bd3 a6 7. Bb2 d6 8. Qe2 Nf6 9. Nd2 Nbd7 10. O-O-O Be7 11. g4 h6 12. Kb1 Ne5 13. f3 Qc7 14. h4 Nfd7 15. f4 Nxd3 16. cxd3 Qd8 17. g5 Nf8 18. Rhf1 hxg5 19. hxg5 Qd7 20. Rc1 Rc8 21. Rxc8+ Qxc8 22. f5 Bxg5 23. fxe6 Nxe6 24. Nf5 Qd7 25.
Nc4 Kf8 26. Ncxd6 Kg8 27. Qg4 f6 28. Bc1 Bc6 29. Bxg5 Nxg5 30. Rc1 Kf8 31. e5 Rh1 32. Rxh1 Bxh1 33. exf6 gxf6 34. Qh4 Qh7 35. Qd4 Qg6 36. Qxb6 Kg8 37. Ne7+ 1-0